 Dungeon Crawl Stone Soup version 0.27.1-33-g824d729ab1 (webtiles) character file.

Game seed: 14313788345675712171

686 lonewolfV2 the Protected (level 7, -11/56 HPs)
             Began as a Gnoll Wanderer on Dec 16, 2021.
             Killed by divine providence
             ... invoked by an orc priest
              (13 damage)
             ... on level 5 of the Dungeon.
             The game lasted 00:08:03 (4350 turns).

lonewolfV2 the Protected (Gnoll Wanderer)           Turns: 4350, Time: 00:08:03

Health: -11/56     AC:  7    Str: 12    XL:     7   Next: 62%
Magic:  10/10      EV: 11    Int: 12    God:
Gold:   149        SH:  0    Dex: 12    Spells: 11/11 levels left

rFire    + + .     SeeInvis .   a - +2 mace
rCold    x . .     Faith    .   (no shield)
rNeg     . . .     Spirit   .   d - +0 ring mail
rPois    .         Reflect  .   (no helmet)
rElec    .         Harm     .   (no cloak)
rCorr    .         Rampage  .   (no gloves)
Will     .....                  (no boots)
Stlth    +.........             (no amulet)
HPRegen  0.18/turn              g - ring of fire
MPRegen  0.12/turn              r - ring of protection from fire

@: hasted, very quick
A: fangs 1, strong nose, distributed training
a: no special abilities


You were on level 5 of the Dungeon.
You visited 1 branch of the dungeon, and saw 5 of its levels.

You collected 149 gold pieces.

Inventory:

Hand Weapons
 a - a +2 mace (weapon)
 b - a +0 hand crossbow
Missiles
 c - 78 bolts
Armour
 d - a +0 ring mail (worn)
Jewellery
 g - a ring of fire (left hand)
 o - a ring of protection from cold
 r - a ring of protection from fire (right hand)
Wands
 i - a wand of acid (4) (quivered)
Scrolls
 f - a scroll of enchant weapon {unknown}
 k - 2 scrolls of teleportation
 p - a scroll of fear {unknown}
Potions
 e - 2 potions of mutation
 h - 2 potions of magic
 j - a potion of berserk rage
 l - a potion of degeneration
 m - a potion of invisibility
 q - a potion of heal wounds


   Skills:
 + Level 5.3 Fighting
 + Level 2.6 Short Blades
 + Level 2.6 Long Blades
 + Level 2.6 Axes
 + Level 5.3 Maces & Flails
 + Level 2.6 Polearms
 + Level 2.6 Staves
 + Level 2.6 Slings
 + Level 2.6 Bows
 + Level 2.6 Crossbows
 + Level 5.3 Throwing
 + Level 9.0 Armour
 + Level 2.6 Dodging
 + Level 2.6 Stealth
 + Level 2.6 Shields
 + Level 2.6 Unarmed Combat
 + Level 2.6 Spellcasting
 + Level 2.1 Conjurations
 + Level 2.1 Hexes
 + Level 2.1 Summonings
 + Level 2.1 Necromancy
 + Level 2.1 Translocations
 + Level 2.1 Transmutations
 + Level 2.1 Fire Magic
 + Level 2.1 Ice Magic
 + Level 2.1 Air Magic
 + Level 2.1 Earth Magic
 + Level 2.1 Poison Magic
 + Level 2.9 Invocations
 + Level 2.6 Evocations


You had 11 spell levels left.
You didn't know any spells.
Your spell library contained the following spells:

 Spells                   Type           Power      Damage    Failure   Level
 Animate Skeleton         Necr           12%        N/A       21%         1
 Apportation              Tloc           12%        N/A       21%         1
 Corona                   Hex            6%         N/A       21%         1
 Sting                    Tmut/Pois      24%        1d4       21%         1
 Summon Small Mammal      Summ           24%        N/A       21%         1
 Poisonous Vapours        Pois/Air       12%        N/A       30%         2
 Call Canine Familiar     Summ           6%         N/A       52%         3
 Summon Guardian Golem    Hex/Summ       6%         N/A       52%         3
 Olgreb's Toxic Radiance  Pois           6%         N/A       90%         4
 Dispersal                Tloc           3%         N/A       100%        6
 Disjunction              Tloc           3%         N/A       100%        8


Dungeon Overview and Level Annotations

Branches:
Dungeon (5/15)
 Temple: D:4-7

Altars:

Annotations:
D:3 3 runed translucent doors, BigCheese's ghost, amateur GrFi


Innate Abilities, Weirdness & Mutations

You have very sharp teeth.
Your uncanny sense of smell can sniff out nearby items.
Your experience applies equally to all skills.


Message History

You hit the hound skeleton.
You bite the hound skeleton, but do no damage.
The hound skeleton is moderately damaged.
The hound skeleton closely misses you.
An adder skeleton comes into view.
You hit the hound skeleton.
The hound skeleton is moderately damaged.
The hound skeleton bites you but does no damage.
You hit the hound skeleton.
The hound skeleton is moderately damaged.
The hound skeleton closely misses you.
You closely miss the hound skeleton.
The hound skeleton is moderately damaged.
The hound skeleton bites you but does no damage.
You barely miss the hound skeleton.
The hound skeleton is moderately damaged.
The orc priest looks satisfied for a moment.
You closely miss the orc warrior. You hit the orc warrior.
The orc warrior is moderately wounded.
You hit the orc warrior but do no damage.
You bite the orc warrior, but do no damage.
The orc warrior is moderately wounded.
The orc warrior hits you with a +0 hand axe.
You closely miss the orc warrior.
The orc warrior is moderately wounded.
The orc warrior hits you with a +0 hand axe!
You hit the orc warrior. Your punch misses the orc warrior.
The orc warrior is moderately wounded.
The orc warrior hits you with a +0 hand axe!
* * * LOW HITPOINT WARNING * * *
You hit the orc warrior.
The orc warrior is heavily wounded.
The orc priest miscasts a cantrip.
You hit the orc warrior.
The orc warrior is heavily wounded.
The orc warrior hits you but does no damage.
The orc priest mumbles some strange prayers to Beogh against you.
Beogh smites you!
You die...

.#####.#### .#.###....#
.. .. .#........# .####..
.#.####...## .......
......'....# .......
.#.####....##### .......
...............# .......
...............###oo.....
................@o.Z.....
...............###o#.####
.....##........# .#
...#.##........# .#
...#.##........# .#
...#.#.........# .#
...###.######### .# .#


You could see an orc warrior, 2 orc priests, an orc and a hound skeleton.

Vanquished Creatures
  Edmund (D:4)
  Menkaure (D:4)
  An ogre (D:4)
  A scorpion (D:4)
  A hound (D:5)
  An orc priest (D:5)
  Natasha (thrice) (D:3)
  3 orc wizards (D:4)
  2 adders
  A worm (D:3)
  4 dart slugs
  4 orcs
  3 bats
  6 endoplasms
  5 giant cockroaches
  7 goblins
  7 hobgoblins
  3 jackals (D:1)
  7 kobolds
  3 quokkas
  4 ball pythons
  3 frilled lizards
  3 rats
74 creatures vanquished.

Notes
Turn   | Place    | Note
-------+----------+-------------------------------------------
     0 | D:1      | lonewolfV2 the Gnoll Wanderer began the quest for the Orb.
     0 | D:1      | lonewolfV2 set off with the following items: a +2 mace, a
                  | +0 hand crossbow, 25 bolts, a +0 ring mail
     0 | D:1      | Reached XP level 1. HP: 20/20 MP: 1/1
   102 | D:1      | Reached XP level 2. HP: 18/26 MP: 2/2
   645 | D:1      | Reached XP level 3. HP: 31/31 MP: 3/3
  1260 | D:2      | Reached skill level 1 in Invocations
  1260 | D:2      | Found a faded altar of an unknown god.
  1416 | D:2      | Reached skill level 1 in Short Blades
  1416 | D:2      | Reached skill level 1 in Long Blades
  1416 | D:2      | Reached skill level 1 in Axes
  1416 | D:2      | Reached skill level 1 in Polearms
  1416 | D:2      | Reached skill level 1 in Staves
  1416 | D:2      | Reached skill level 1 in Slings
  1416 | D:2      | Reached skill level 1 in Bows
  1416 | D:2      | Reached skill level 1 in Crossbows
  1416 | D:2      | Reached skill level 1 in Dodging
  1416 | D:2      | Reached skill level 1 in Stealth
  1416 | D:2      | Reached skill level 1 in Shields
  1416 | D:2      | Reached skill level 1 in Unarmed Combat
  1416 | D:2      | Reached skill level 1 in Spellcasting
  1416 | D:2      | Reached skill level 1 in Evocations
  1780 | D:2      | Reached XP level 4. HP: 38/38 MP: 5/5
  2016 | D:3      | Noticed Natasha
  2029 | D:3      | Killed Natasha
  2030 | D:3      | Reached skill level 1 in Conjurations
  2030 | D:3      | Reached skill level 1 in Hexes
  2030 | D:3      | Reached skill level 1 in Summonings
  2030 | D:3      | Reached skill level 1 in Necromancy
  2030 | D:3      | Reached skill level 1 in Translocations
  2030 | D:3      | Reached skill level 1 in Transmutations
  2030 | D:3      | Reached skill level 1 in Fire Magic
  2030 | D:3      | Reached skill level 1 in Ice Magic
  2030 | D:3      | Reached skill level 1 in Air Magic
  2030 | D:3      | Reached skill level 1 in Earth Magic
  2030 | D:3      | Reached skill level 1 in Poison Magic
  2047 | D:3      | Noticed Natasha
  2063 | D:3      | Killed Natasha
  2064 | D:3      | Reached XP level 5. HP: 23/43 MP: 6/6
  2080 | D:3      | Noticed Natasha
  2092 | D:3      | Killed Natasha
  2114 | D:3      | Found a runed translucent gate.
  2116 | D:3      | Found a runed translucent gate.
  2401 | D:3      | Noticed BigCheese's ghost (amateur GrFi)
  2410 | D:3      | Found a runed translucent gate.
  2677 | D:4      | Noticed Menkaure
  2687 | D:4      | Killed Menkaure
  2688 | D:4      | Reached XP level 6. HP: 19/50 MP: 8/8
  2956 | D:4      | Reached skill level 5 in Fighting
  2956 | D:4      | Reached skill level 5 in Maces & Flails
  2956 | D:4      | Reached skill level 5 in Throwing
  3898 | D:4      | Reached XP level 7. HP: 55/56 MP: 10/10
  3926 | D:4      | Noticed Edmund
  3936 | D:4      | Killed Edmund
  4270 | D:5      | Entered Level 5 of the Dungeon
  4338 | D:5      | Reached skill level 9 in Armour
  4348 | D:5      | HP: 2/56 [orc warrior (16)]
  4350 | D:5      | Killed from afar by an orc priest

Illustrated notes

Levels and vault maps discovered:
D:1:      wander_arrival_lonely_grave, layout_loops_ring, minmay_door_square,
          columned_hall_lemuel
D:2:      layout_loops_ring, hellmonk_ecumenical_altar_lost_god,
          grunt_decor_mini_mirrors, minmay_misc_feat_tower
D:3:      layout_rooms, gammafunk_ghost_split, kennysheep_small_spiral,
          uniq_natasha, uniq_sigmund, uniq_ijyb
D:4:      layout_loops_ring, kennysheep_generic_room_12, uniq_edmund,
          uniq_menkaure
D:5:      layout_basic, jmf_multi_god_temple, nicolae_tso_swordbearing_angel,
          mainiacjoe_overflow_24_doors, minmay_temple_entry_antechambers,
          minmay_a_box_with_orc_wizards_in_it

Skill      XL: |  1  2  3  4  5  6  7 |
---------------+----------------------+-----
Invocations    | 1 2 |  2.9
Short Blades   | 1 2 |  2.6
Long Blades    | 1 2 |  2.6
Axes           | 1 2 |  2.6
Polearms       | 1 2 |  2.6
Staves         | 1 2 |  2.6
Slings         | 1 2 |  2.6
Bows           | 1 2 |  2.6
Crossbows      | 1 2 |  2.6
Dodging        | 1 2 |  2.6
Stealth        | 1 2 |  2.6
Shields        | 1 2 |  2.6
Unarmed Combat | 1 2 |  2.6
Spellcasting   | 1 2 |  2.6
Evocations     | 1 2 |  2.6
Conjurations   | 1 2 |  2.1
Hexes          | 1 2 |  2.1
Summonings     | 1 2 |  2.1
Necromancy     | 1 2 |  2.1
Translocations | 1 2 |  2.1
Transmutations | 1 2 |  2.1
Fire Magic     | 1 2 |  2.1
Ice Magic      | 1 2 |  2.1
Air Magic      | 1 2 |  2.1
Earth Magic    | 1 2 |  2.1
Poison Magic   | 1 2 |  2.1
Fighting       | 5 |  5.3
Maces & Flails | 5 |  5.3
Throwing       | 5 |  5.3
Armour         | 9 |  9.0

Action                   |  1- 3 |  4- 6 |  7- 9 || total
-------------------------+-------+-------+-------++-------
Melee: Mace              |    91 |    99 |    38 ||   228
       Bite              |     4 |    13 |     4 ||    21
       Punch             |     1 |       |       ||     1
 Fire: Hand crossbow     |     4 |     7 |       ||    11
Evoke: Wand              |       |     2 |       ||     2
  Use: Scroll            |     3 |     1 |     1 ||     5
       Potion            |       |     7 |     1 ||     8
Armor: Ring mail         |    40 |    45 |     9 ||    94
Dodge: Dodged            |    68 |    70 |    13 ||   151
